TOP OF THE 1ST |
Palm Beach Cardinals batting - Pitching for Potomac Nationals : LHP Peni Keli'i
|
Pitching: LHP Peni Keli'i
|
|
Batting: RHB Josh Broome
|
0-0: Ball 1-0: Called Strike 1-1: Swinging Strike 1-2: SOLO HOME RUN (Flyball, 7D, EV 94.4 MPH), Distance : 371 ft
|
Batting: RHB Immel Kamuzu
|
0-0: Called Strike 0-1: Foul Ball, location: 2F 0-2: Foul Ball, location: 2F 0-2: Ball 1-2: Ball 2-2: SINGLE (Groundball, 4MD, EV 106.9 MPH) (infield hit)
|
Batting: LHB Billy Guzman
|
0-0: Swinging Strike 0-1: Swinging Strike 0-2: Foul Ball, location: 2F 0-2: Ball 1-2: Ball 2-2: Ball 3-2: Strikes out looking
|
Batting: RHB Mark Marks
|
0-0: Ball 1-0: Swinging Strike 1-1: Ball 2-1: Ball 3-1: Base on Balls Immel Kamuzu to second
|
Batting: RHB Richard Riggs
|
0-0: Ball 1-0: Called Strike 1-1: Foul Ball, location: 2F 1-2: Strikes out looking
|
Batting: SHB Justin Houser
|
0-0: Called Strike 0-1: SINGLE (Groundball, 6D, EV 97.5 MPH) Immel Kamuzu to third Mark Marks to second Runner from 3rd tries for Home, SAFE, throw by LF to home
|
Batting: RHB Kyle Burns
|
0-0: Ball 1-0: Fly out, F8 (Flyball, 8LD, EV 103.1 MPH)
|
Top of the 1st over - 2 runs, 3 hits, 0 errors, 2 left on base; Palm Beach 2 - Potomac 0 |
BOTTOM OF THE 1ST |
Potomac Nationals batting - Pitching for Palm Beach Cardinals : RHP Norietsu Higashi
|
Pitching: RHP Norietsu Higashi
|
|
Batting: RHB Naofumi Ishida
|
0-0: Fly out, F4 (Popup, 4S, EV 80.0 MPH)
|
Batting: RHB Gabe Almazan
|
0-0: Swinging Strike 0-1: Swinging Strike 0-2: Strikes out swinging, 2-3 out at first.
|
Batting: LHB Kyung-jin Cho
|
0-0: Ball 1-0: Swinging Strike 1-1: Ball 2-1: Ball 3-1: Swinging Strike 3-2: Base on Balls
|
Batting: RHB Nick Moreno
|
0-0: Called Strike Kyung-jin Cho steals 2nd, throwing error, E2 Kyung-jin Cho to third 0-1: Ball 1-1: Ball 2-1: Ball 3-1: Called Strike 3-2: Foul Ball, location: 2F 3-2: Foul Ball, location: 2F 3-2: Reached via error on a dropped throw from 1B, E1 (Groundball, 34, EV 81.9 MPH) Kyung-jin Cho scores
|
Batting: LHB Chance McWilliams
|
Pickoff Throw to First - Out! 1-3
|
Bottom of the 1st over - 1 run, 0 hits, 2 errors, 0 left on base; Palm Beach 2 - Potomac 1 |
TOP OF THE 2ND |
Palm Beach Cardinals batting - Pitching for Potomac Nationals : LHP Peni Keli'i
|
Batting: RHB Ben Politi
|
0-0: Bunted foul 0-1: Called Strike 0-2: Foul Ball, location: 2F 0-2: Strikes out swinging
|
Batting: RHB Edgar Klockow
|
0-0: Ball 1-0: Called Strike 1-1: Ball 2-1: Swinging Strike 2-2: Strikes out swinging
|
Batting: RHB Josh Broome
|
0-0: Foul Ball, location: 2F 0-1: Ball 1-1: Hit by Pitch
|
Batting: RHB Immel Kamuzu
|
0-0: Foul Ball, location: 2F 0-1: Ball 1-1: Swinging Strike 1-2: Foul Ball, location: 2F 1-2: SINGLE (Line Drive, 8RS, EV 106.9 MPH) Josh Broome to second
|
Batting: LHB Billy Guzman
|
0-0: Swinging Strike 0-1: Foul Ball, location: 2F 0-2: Ball 1-2: Ball 2-2: Strikes out swinging
|
Top of the 2nd over - 0 runs, 1 hit, 0 errors, 2 left on base; Palm Beach 2 - Potomac 1 |
BOTTOM OF THE 2ND |
Potomac Nationals batting - Pitching for Palm Beach Cardinals : RHP Norietsu Higashi
|
Batting: LHB Chance McWilliams
|
0-0: Ball 1-0: Ground out U3 (Groundball, 34S, EV 66.2 MPH)
|
Batting: SHB Curtis DeLille
|
0-0: Ball 1-0: Ball 2-0: Ball 3-0: Called Strike 3-1: Called Strike 3-2: SINGLE (Line Drive, 56D, EV 96.9 MPH)
|
Batting: RHB Marcus Dawson
|
0-0: TRIPLE (Flyball, 78XD, EV 97.5 MPH) Curtis DeLille scores
|
Batting: RHB Bobby Bricker
|
0-0: Called Strike 0-1: Fly out, F9 (Flyball, 89D, EV 95.0 MPH) Runner from 3rd tags up, SCORES, no throw by RF
|
Batting: RHB Antonio Morado
|
0-0: Ball 1-0: Foul Ball, location: 2F 1-1: Called Strike 1-2: Ball 2-2: Ground out 6-3 (Groundball, 56, EV 93.8 MPH)
|
Bottom of the 2nd over - 2 runs, 2 hits, 0 errors, 0 left on base; Palm Beach 2 - Potomac 3 |
TOP OF THE 3RD |
Palm Beach Cardinals batting - Pitching for Potomac Nationals : LHP Peni Keli'i
|
Batting: RHB Mark Marks
|
0-0: Ball 1-0: Ground out 6-3 (Groundball, 56, EV 84.4 MPH)
|
Batting: RHB Richard Riggs
|
0-0: Ball 1-0: Called Strike 1-1: Ground out 3-1 (Groundball, 13, EV 80.6 MPH)
|
Batting: SHB Justin Houser
|
0-0: Foul Ball, location: 2F 0-1: Ball 1-1: Ball 2-1: Foul Ball, location: 2F 2-2: Strikes out swinging
|
Top of the 3rd over - 0 runs, 0 hits, 0 errors, 0 left on base; Palm Beach 2 - Potomac 3 |
BOTTOM OF THE 3RD |
Potomac Nationals batting - Pitching for Palm Beach Cardinals : RHP Norietsu Higashi
|
Batting: RHB Naofumi Ishida
|
0-0: Ball 1-0: Called Strike 1-1: Swinging Strike 1-2: Ground out 4-3 (Groundball, 4, EV 104.4 MPH)
|
Batting: RHB Gabe Almazan
|
0-0: Ball 1-0: Ball 2-0: Ball 3-0: Called Strike 3-1: Base on Balls
|
Batting: LHB Kyung-jin Cho
|
0-0: Called Strike 0-1: SINGLE (Groundball, 34D, EV 99.4 MPH) (infield hit) Gabe Almazan to second
|
Batting: RHB Nick Moreno
|
0-0: Called Strike 0-1: Called Strike 0-2: Ball 1-2: Fielders Choice at 2nd, 6-4 (Groundball, 6, EV 102.5 MPH) Gabe Almazan to third
|
Batting: LHB Chance McWilliams
|
0-0: Ground out 4-3 (Groundball, 34D, EV 85.0 MPH)
|
Bottom of the 3rd over - 0 runs, 1 hit, 0 errors, 2 left on base; Palm Beach 2 - Potomac 3 |
TOP OF THE 4TH |
Palm Beach Cardinals batting - Pitching for Potomac Nationals : LHP Peni Keli'i
|
Batting: RHB Kyle Burns
|
0-0: Called Strike 0-1: Ball 1-1: Foul Ball, location: 2F 1-2: Ball 2-2: Foul Ball, location: 2F 2-2: Foul Ball, location: 2F 2-2: Ball 3-2: Base on Balls
|
Batting: RHB Ben Politi
|
0-0: Ball 1-0: Called Strike 1-1: Foul Ball, location: 2F 1-2: Ball 2-2: Ball 3-2: Foul Ball, location: 2F 3-2: Strikes out swinging
|
Pitching: RHP Gary Simmons
|
|
Batting: RHB Edgar Klockow
|
0-0: Called Strike 0-1: Swinging Strike 0-2: Strikes out swinging
|
Batting: RHB Josh Broome
|
0-0: Called Strike 0-1: Foul Ball, location: 2F 0-2: Strikes out looking
|
Top of the 4th over - 0 runs, 0 hits, 0 errors, 1 left on base; Palm Beach 2 - Potomac 3 |
BOTTOM OF THE 4TH |
Potomac Nationals batting - Pitching for Palm Beach Cardinals : RHP Norietsu Higashi
|
Batting: SHB Curtis DeLille
|
0-0: Ball 1-0: Called Strike 1-1: Foul Ball, location: 2F 1-2: Ball 2-2: Foul Ball, location: 2F 2-2: Ball 3-2: Base on Balls
|
Batting: RHB Marcus Dawson
|
0-0: Ball 1-0: Swinging Strike 1-1: Ball 2-1: Foul Ball, location: 2F 2-2: DOUBLE (Line Drive, 9LS, EV 112.5 MPH) Curtis DeLille to third
|
Batting: RHB Bobby Bricker
|
0-0: Ground out 6-3 (Groundball, 6, EV 86.2 MPH) Curtis DeLille scores Marcus Dawson to third
|
Batting: RHB Antonio Morado
|
0-0: Called Strike 0-1: Hit by Pitch
|
Pinch Runner at 1st Adam Jacobs:
|
|
Batting: RHB Naofumi Ishida
|
0-0: Called Strike 0-1: Ball 1-1: Fly out, F9 (Flyball, 89M, EV 86.9 MPH)
|
Batting: RHB Gabe Almazan
|
0-0: Called Strike 0-1: Ball 1-1: Ball 2-1: Swinging Strike 2-2: Ball 3-2: SINGLE (Groundball, 56D, EV 98.8 MPH) Marcus Dawson scores Adam Jacobs to second Adam Jacobs to third
|
Pitching: RHP El-Shamy Saami
|
|
Batting: LHB Kyung-jin Cho
|
0-0: Ball 1-0: Called Strike 1-1: Swinging Strike 1-2: Strikes out swinging
|
Bottom of the 4th over - 2 runs, 2 hits, 0 errors, 2 left on base; Palm Beach 2 - Potomac 5 |
TOP OF THE 5TH |
Palm Beach Cardinals batting - Pitching for Potomac Nationals : RHP Gary Simmons
|
Now at 3B: Adam Jacobs
|
|
Batting: RHB Immel Kamuzu
|
0-0: Swinging Strike 0-1: Ball 1-1: Foul Ball, location: 2F 1-2: Fly out, F7 (Flyball, 7, EV 80.0 MPH)
|
Batting: LHB Billy Guzman
|
0-0: Ball 1-0: Swinging Strike 1-1: Ball 2-1: Swinging Strike 2-2: Foul Ball, location: 2F 2-2: Strikes out swinging
|
Batting: RHB Mark Marks
|
0-0: Ground out 5-3 (Groundball, 5, EV 98.1 MPH)
|
Top of the 5th over - 0 runs, 0 hits, 0 errors, 0 left on base; Palm Beach 2 - Potomac 5 |
BOTTOM OF THE 5TH |
Potomac Nationals batting - Pitching for Palm Beach Cardinals : RHP El-Shamy Saami
|
Batting: RHB Nick Moreno
|
0-0: Called Strike 0-1: Ball 1-1: SINGLE (Groundball, 34D, EV 109.4 MPH)
|
Batting: LHB Chance McWilliams
|
0-0: Ball 1-0: Grounds out, U3 (Groundball, 3L, EV 103.1 MPH)
|
Batting: SHB Curtis DeLille
|
0-0: Ball 1-0: Swinging Strike 1-1: Fly out, F8 (Flyball, 8LM, EV 84.4 MPH)
|
Batting: RHB Marcus Dawson
|
0-0: Swinging Strike 0-1: Called Strike 0-2: SINGLE (Groundball, 56S, EV 70.6 MPH) (infield hit) Nick Moreno to third
|
Batting: RHB Bobby Bricker
|
0-0: Ball 1-0: Ball 2-0: SINGLE (Groundball, 56D, EV 98.1 MPH) Nick Moreno scores Marcus Dawson to second
|
Batting: LHB Adam Jacobs
|
0-0: Ball 1-0: Foul Ball, location: 2F 1-1: Foul Ball, location: 2F 1-2: Ball 2-2: Foul Ball, location: 2F 2-2: Strikes out looking
|
Bottom of the 5th over - 1 run, 3 hits, 0 errors, 2 left on base; Palm Beach 2 - Potomac 6 |
TOP OF THE 6TH |
Palm Beach Cardinals batting - Pitching for Potomac Nationals : RHP Gary Simmons
|
Batting: RHB Richard Riggs
|
0-0: Ground out 1-3 (Groundball, 13, EV 70.6 MPH)
|
Batting: SHB Justin Houser
|
0-0: Ball 1-0: Ball 2-0: Called Strike 2-1: Foul Ball, location: 2F 2-2: Fly out, F7 (Line Drive, 7S, EV 94.4 MPH)
|
Batting: RHB Kyle Burns
|
0-0: Ball 1-0: Ball 2-0: DOUBLE (Line Drive, 89M, EV 95.6 MPH)
|
Batting: RHB Ben Politi
|
0-0: Ball 1-0: Ball 2-0: Called Strike 2-1: Called Strike 2-2: Strikes out swinging
|
Top of the 6th over - 0 runs, 1 hit, 0 errors, 1 left on base; Palm Beach 2 - Potomac 6 |
BOTTOM OF THE 6TH |
Potomac Nationals batting - Pitching for Palm Beach Cardinals : RHP El-Shamy Saami
|
Batting: RHB Naofumi Ishida
|
0-0: Foul Ball, location: 2F 0-1: Ball 1-1: Foul Ball, location: 2F 1-2: Ball 2-2: Foul Ball, location: 2F 2-2: Strikes out swinging
|
Batting: RHB Gabe Almazan
|
0-0: Ball 1-0: Ball 2-0: Ball 3-0: Called Strike 3-1: Ground out 6-3 (Groundball, 6, EV 111.9 MPH)
|
Pitching: LHP Danny Rivera
|
|
Batting: LHB Kyung-jin Cho
|
0-0: Called Strike 0-1: Ball 1-1: Ball 2-1: Swinging Strike 2-2: Foul Ball, location: 2F 2-2: Strikes out swinging
|
Bottom of the 6th over - 0 runs, 0 hits, 0 errors, 0 left on base; Palm Beach 2 - Potomac 6 |
TOP OF THE 7TH |
Palm Beach Cardinals batting - Pitching for Potomac Nationals : RHP Gary Simmons
|
Batting: RHB Edgar Klockow
|
0-0: Ball 1-0: Ball 2-0: Foul Ball, location: 2F 2-1: Foul Ball, location: 2F 2-2: Strikes out swinging
|
Batting: RHB Josh Broome
|
0-0: Ball 1-0: Swinging Strike 1-1: Ball 2-1: Ball 3-1: Base on Balls
|
Batting: RHB Immel Kamuzu
|
0-0: Ball 1-0: Foul Ball, location: 2F 1-1: Grounds into double play, 6-4-3 (Groundball, 6M, EV 102.5 MPH)
|
Top of the 7th over - 0 runs, 0 hits, 0 errors, 0 left on base; Palm Beach 2 - Potomac 6 |
BOTTOM OF THE 7TH |
Potomac Nationals batting - Pitching for Palm Beach Cardinals : LHP Danny Rivera
|
Batting: RHB Nick Moreno
|
0-0: Called Strike 0-1: Ground out U3 (Groundball, 3, EV 105.6 MPH)
|
Batting: LHB Chance McWilliams
|
0-0: Ball 1-0: Foul Ball, location: 2F 1-1: Ball 2-1: Foul Ball, location: 2F 2-2: Ground out 4-3 (Groundball, 4M, EV 88.1 MPH)
|
Batting: SHB Curtis DeLille
|
0-0: Ground out 4-3 (Groundball, 34, EV 76.2 MPH)
|
Bottom of the 7th over - 0 runs, 0 hits, 0 errors, 0 left on base; Palm Beach 2 - Potomac 6 |
TOP OF THE 8TH |
Palm Beach Cardinals batting - Pitching for Potomac Nationals : RHP Gary Simmons
|
Pitching: RHP Steve Barnes
|
|
Batting: LHB Billy Guzman
|
0-0: Ball 1-0: Ball 2-0: Ball 3-0: Base on Balls
|
Batting: RHB Mark Marks
|
0-0: Ball 1-0: Ball 2-0: Called Strike 2-1: Ball 3-1: Ground out 4-3 (Groundball, 34, EV 86.2 MPH) Billy Guzman to second
|
Pinch Hitting: LHB Travis Ruppel
|
0-0: Called Strike 0-1: Called Strike 0-2: Foul Ball, location: 2F 0-2: Strikes out swinging
|
Batting: SHB Justin Houser
|
0-0: Ball 1-0: Called Strike 1-1: Swinging Strike 1-2: Strikes out swinging
|
Top of the 8th over - 0 runs, 0 hits, 0 errors, 1 left on base; Palm Beach 2 - Potomac 6 |
BOTTOM OF THE 8TH |
Potomac Nationals batting - Pitching for Palm Beach Cardinals : LHP Danny Rivera
|
Now at 2B: Tyler Walker
|
|
Batting: RHB Marcus Dawson
|
0-0: Called Strike 0-1: Ball 1-1: Ball 2-1: Foul Ball, location: 2F 2-2: Foul Ball, location: 2F 2-2: Foul Ball, location: 2F 2-2: Ground out 5-3 (Groundball, 5S, EV 82.5 MPH)
|
Batting: RHB Bobby Bricker
|
0-0: Ball 1-0: Swinging Strike 1-1: Foul Ball, location: 2F 1-2: Ball 2-2: Foul Ball, location: 2F 2-2: Foul Ball, location: 2F 2-2: Ball 3-2: Strikes out swinging
|
Batting: LHB Adam Jacobs
|
0-0: Called Strike 0-1: Foul Ball, location: 2F 0-2: Strikes out swinging
|
Bottom of the 8th over - 0 runs, 0 hits, 0 errors, 0 left on base; Palm Beach 2 - Potomac 6 |
TOP OF THE 9TH |
Palm Beach Cardinals batting - Pitching for Potomac Nationals : RHP Steve Barnes
|
Pitching: RHP Brent Wainwright
|
|
Batting: RHB Kyle Burns
|
0-0: Ball 1-0: SINGLE (Groundball, 34D, EV 99.4 MPH)
|
Batting: RHB Ben Politi
|
0-0: Ball 1-0: Foul Ball, location: 2F 1-1: Foul Ball, location: 2F 1-2: Grounds into double play, 4-6-3 (Groundball, 34, EV 91.2 MPH)
|
Batting: RHB Edgar Klockow
|
0-0: Ball 1-0: Ball 2-0: Ball 3-0: Base on Balls
|
Batting: RHB Josh Broome
|
0-0: Ball 1-0: Called Strike 1-1: Fly out, F7 (Flyball, 78M, EV 98.1 MPH)
|
Top of the 9th over - 0 runs, 1 hit, 0 errors, 1 left on base; Palm Beach 2 - Potomac 6 |
|